Map: New Repugnancy LE

Players

Elazer

  • Race: Zerg Zerg
  • Spawn Location: 7:00

Harstem - Winner!

  • Race: Protoss Protoss
  • Spawn Location: 1:00

Event: 2019 WCS Spring

VOD

Have the link to the VOD?

Description

Time

  • Played on: May 17, 2019, 1:16 p.m.
  • Length: 8:03

All games in this series

Show
View Real Time Build Order
Export as new Build Order

Elazer Zerg 

Build Orders: Hatch First 

Get SALT Encoding   

  12  0:00  Drone  
  13  0:12  Overlord  
  13  0:17  Drone  
  14  0:30  Drone x2  
  16  0:48  Hatchery  
  15  0:51  Drone  
  15  0:54  Drone  
  17  0:58  Drone  
  18  1:08  Extractor  
  17  1:14  Spawning Pool  
  17  1:18  Drone  
  17  1:21  Drone  
  18  1:28  Drone  
  19  1:38  Drone  
  20  1:50  Drone  
  21  2:01  Overlord, Queen x2, Zergling x2  
  26  2:12  Zergling x2, Drone  
  28  2:22  Drone x2  
  30  2:33  Drone x2  
  32  2:40  Hatchery  
  32  2:42  Queen  
  33  2:47  Metabolic Boost  
  33  2:52  Overlord  
  33  2:55  Drone  
  33  2:58  Drone  
  35  2:59  Drone  
  36  3:10  Drone x2  
  36  3:11  Drone x3  
  41  3:14  Overlord  
  41  3:17  Drone  
  41  3:23  Queen  
  42  3:28  Drone x2  
  46  3:34  Drone x3  
  46  3:39  Lair  
  46  3:42  Drone x2  
  46  3:46  Overlord  
  46  3:48  Drone  
  49  3:51  Drone x2  
  49  3:52  Drone  
  49  3:54  Drone  
  53  3:58  Extractor x2  
  53  4:02  Roach Warren, Drone  
  52  4:04  Drone  
  52  4:05  Drone  
  52  4:09  Overlord  
  53  4:11  Zergling x2  
  53  4:12  Zergling x2  
  53  4:16  Zergling x6  
  58  4:18  Zergling x2  
  58  4:21  Overlord  
  59  4:24  Zergling x4  
  59  4:27  Overlord  
  61  4:33  Overlord  
  61  4:37  Overseer  
  61  4:38  Overlord  
  61  4:40  Overlord, Drone x2  
  61  4:45  Glial Reconstitution  
  63  4:46  Drone x2  
  63  4:50  Overlord  
  65  4:55  Roach x2  
  65  4:56  Roach  
  65  4:58  Roach  
  73  5:00  Roach  
  73  5:05  Roach x2  
  77  5:07  Roach  
  79  5:15  Roach x3  
  79  5:20  Overlord  
  66  5:30  Roach  
  64  5:37  Roach  
  64  5:42  Roach  
  62  5:47  Roach x2  
  62  5:56  Roach x3  
  67  6:00  Roach  
  67  6:03  Zergling x2  
  68  6:04  Zergling x2  
  68  6:09  Zergling x4  
  71  6:14  Ravager  
  72  6:19  Zergling x6  
  72  6:23  Ravager  
  76  6:28  Zergling x6  
  79  6:35  Ravager  
  79  6:37  Zergling x6  
  78  6:43  Zergling x4  
  74  6:54  Ravager  
  74  6:56  Zergling x2  
  74  6:57  Zergling x6  
  73  7:07  Zergling x6  
  62  7:17  Zergling x4  
  53  7:23  Zergling x2  
  46  7:32  Zergling x6  
  47  7:42  Zergling x2  
  47  7:43  Zergling x2  
Show
View Real Time Build Order
Export as new Build Order

Harstem Protoss - Winner!

Build Orders: 1 Gate Expand, Mass Adepts 

Get SALT Encoding   

  12  0:00  Probe  
  13  0:13  Probe  
  14  0:19  Pylon  
  14  0:25  Probe  
  15  0:35  Probe  
  15  0:39  Gateway  
  16  0:43  Probe  
  17  0:53  Assimilator, Probe  
  18  1:05  Probe  
  19  1:17  Probe  
  20  1:26  Cybernetics Core  
  20  1:36  Nexus  
  20  1:44  Pylon  
  20  1:46  Probe  
  21  1:52  Assimilator, Adept  
  21  1:58  Probe  
  22  2:04  Warp Gate  
  24  2:11  Probe  
  24  2:12  Adept  
  27  2:23  Probe  
  28  2:35  Probe  
  28  2:36  Twilight Council  
  29  2:39  Stalker  
  29  2:47  Probe  
  32  2:54  Probe  
  33  2:59  Probe  
  34  3:06  Probe  
  34  3:09  Robotics Facility  
  34  3:12  Probe, Resonating Glaives  
  36  3:18  Probe  
  37  3:24  Probe  
  38  3:30  Probe  
  38  3:32  Gateway  
  37  3:34  Gateway  
  37  3:36  Probe  
  38  3:42  Probe  
  38  3:46  Warp Prism  
  38  3:48  Gateway x2  
  39  3:53  Assimilator  
  42  4:03  Pylon  
  42  4:04  Adept  
  44  4:14  Pylon  
  44  4:16  Probe  
  44  4:22  Pylon  
  44  4:28  Adept x2  
  44  4:29  Adept  
  44  4:31  Probe  
  51  4:32  Pylon  
  51  4:42  Pylon  
  51  4:51  Adept x5  
  61  4:57  Probe  
  62  5:11  Adept x5  
  72  5:16  Probe  
  71  5:28  Immortal  
  71  5:31  Adept x5  
  71  5:33  Probe  
  71  5:35  Probe  
  69  5:50  Nexus  
  67  6:02  Adept x2  
  65  6:04  Probe  
  66  6:14  Sentry x2, Adept  
  66  6:16  Probe  
  66  6:18  Probe  
  74  6:19  Immortal  
  74  6:20  Assimilator  
  74  6:25  Shield Battery  
  74  6:30  Probe  
  80  6:36  Adept x2  
  80  6:39  Pylon  
  77  6:40  Shield Battery  
  77  6:50  Zealot  
  78  6:55  Pylon  
  80  7:01  Cybernetics Core  
  80  7:08  Zealot x2  
  80  7:09  Immortal  
  80  7:15  Zealot  
  72  7:20  Probe  
  72  7:21  Probe  
  66  7:28  Zealot x2  
  64  7:32  Probe  
  63  7:40  Adept  
  63  7:43  Shield Battery  
  61  7:49  Adept x2  
Tags
 
Add a new tag
Caveats
  • Supply blocks, unpowered buildings, or Contaminate may cause inaccurate times.
  • Supply counts are checked every 10 seconds.